Map: 얼어붙은 사원

Players

IDkid

  • Race: Protoss Protoss
  • League: Grandmaster

llllllllllll (Scarlett) - Winner!

  • Race: Zerg Zerg
  • League: Grandmaster

VOD

Have the link to the VOD?

Description

Time

  • Played on: April 14, 2016, 1:46 a.m.
  • Length: 3:38
Show
View Real Time Build Order
Export as new Build Order

IDkid Protoss 

Build Orders:  

Get SALT Encoding   

  12  0:01  Probe (Chrono Boost)  
  13  0:11  Probe (Chrono Boost)  
  14  0:21  Pylon  
  14  0:22  Probe (Chrono Boost)  
  15  0:39  Probe (Chrono Boost)  
  16  0:50  Probe (Chrono Boost)  
  17  1:00  Gateway  
  17  1:10  Nexus  
  17  1:16  Probe (Chrono Boost)  
  18  1:21  Assimilator  
  18  1:25  Assimilator  
  18  1:28  Probe (Chrono Boost)  
  19  1:39  Probe (Chrono Boost)  
  20  1:47  Cybernetics Core  
  20  1:48  Zealot (Chrono Boost)  
  23  2:04  Gateway  
  23  2:06  Pylon  
  21  2:17  Probe  
  21  2:21  Mothership Core  
  24  2:37  Adept (Chrono Boost)  
  24  2:41  Probe x2  
  24  2:42  Pylon  
  21  2:53  Probe  
  21  3:10  Pylon  
Show
View Real Time Build Order
Export as new Build Order

llllllllllll Zerg - Winner!

Build Orders: Pool First 

Get SALT Encoding   

  12  0:01  Drone  
  13  0:10  Drone  
  14  0:18  Extractor, Drone  
  14  0:32  Spawning Pool  
  13  0:36  Drone  
  14  0:44  Overlord  
  14  0:51  Extractor, Drone  
  15  1:05  Drone x2  
  17  1:20  Zergling x4, Metabolic Boost  
  19  1:29  Queen  
  21  1:33  Zergling x2  
  22  1:57  Hatchery, Zergling x2  
  22  2:02  Overlord  
  22  2:21  Zergling x2  
  22  2:22  Zergling x2  
  24  2:34  Zergling x4  
  26  2:37  Evolution Chamber  
  26  2:40  Zergling x6  
  26  2:42  Queen  
  27  3:12  Zergling x10  
Tags
 
Add a new tag
Caveats
  • Supply blocks, unpowered buildings, or Contaminate may cause inaccurate times.
  • Supply counts are checked every 10 seconds.